 Dungeon Crawl Stone Soup version 0.30.1 (webtiles) character file.

Game seed: 16788993946460540159

95 Graphine the Chopper (level 4, 0/40 HPs)
             Began as a Hill Orc Monk on July 5, 2023.
             Was a Believer of Beogh.
             Slain by an orc priest
             ... wielding a +0 flail
              (1 damage)
             ... on level 3 of the Dungeon.
             The game lasted 00:03:51 (1505 turns).

Graphine the Chopper (Hill Orc Monk)                Turns: 1505, Time: 00:03:52

Health: 0/40       AC:  9    Str: 15    XL:     4   Next: 66%
Magic:  4/4        EV:  7    Int: 10    God:    Beogh [**....]
Gold:   112        SH:  0    Dex: 13    Spells: 3/3 levels left

rFire   . . .        a - +1 hand axe
rCold   + . .        d - orb {light}
rNeg    . . .        j - +1 chain mail {rC+}
rPois   .            (no helmet)
rElec   .            (no cloak)
rCorr   .            (no gloves)
SInv    .            (no boots)
Will    .....        (no amulet) Stlth
                     (no ring)
HPRegen 0.26/turn    (no ring)
MPRegen 0.09/turn

%: no passive effects
@: glowing
A: no striking features
a: Renounce Religion, Smiting


You were on level 3 of the Dungeon.
You worshipped Beogh.
Beogh was pleased with you.
You visited 1 branch of the dungeon, and saw 3 of its levels.

You collected 112 gold pieces.

Inventory:

Hand Weapons
 a - a +1 hand axe (weapon)
 l - a +1 dagger of venom
Armour
 d - an orb of light (worn)
 j - a +1 chain mail of cold resistance (worn)
Scrolls
 b - 4 scrolls of teleportation
 f - a scroll of fear
 g - a scroll of identify
 k - a scroll of fog
Potions
 e - a potion of magic {unknown}
 h - a potion of might {unknown}
 i - a potion of curing


   Skills:
 + Level 4.3 Fighting
 * Level 5.4 Axes
 + Level 1.7 Armour
 - Level 2.4 Dodging
 + Level 1.6 Shields


You had 3 spell levels left.
You didn't know any spells.
Your spell library contained the following spells:

 Spells                   Type           Power      Damage    Failure   Level
 Magic Dart               Conj           0%         1d3       99%         1
 Call Imp                 Summ           0%         N/A       100%        2
 Mephitic Cloud           Conj/Pois/Air  0%         N/A       100%        3


Dungeon Overview and Level Annotations

Branches:
Dungeon (3/15)

Altars:

Annotations:
D:3 Natasha


Message History

You barely miss the orc.
You feel yourself speed up. The orc hits you with a +0 war axe.
The cerulean imp barely misses you.
Natasha casts a spell.
The orc hits you but does no damage.
The orc priest invokes the aid of Beogh against you.
Pain shoots through your body!
The cerulean imp hits you but does no damage.
You hit the orc priest.
The orc priest is heavily wounded.
You barely miss the orc.
The orc priest hits you but does no damage.
The orc hits you but does no damage. The cerulean imp barely misses you.
You hit the orc priest but do no damage.
The orc priest is heavily wounded.
You hit the orc.
The orc priest hits you with a +0 flail!
The orc hits you with a +0 war axe!
* * * LOW HITPOINT WARNING * * *
The cerulean imp closely misses you.
You feel better. The cerulean imp barely misses you.
The orc hits you but does no damage. The orc priest misses you.
The cerulean imp hits you but does no damage.
You hit the orc priest.
The orc priest is heavily wounded.
You barely miss the orc.
The cerulean imp hits you from afar with a +0 spear.
* * * LOW HITPOINT WARNING * * *
The orc hits you with a +0 war axe.
* * * LOW HITPOINT WARNING * * *
The orc priest hits you with a +0 flail.
* * * LOW HITPOINT WARNING * * *
The cerulean imp hits you but does no damage.
Okay, then.
The orc attacks as you move away! The orc hits you with a +0 war axe.
* * * LOW HITPOINT WARNING * * *
The orc priest attacks as you move away!
The orc priest hits you with a +0 flail.
You die...
Beogh appreciates the orc priest's killing of a heretic priest.

#...........#...
#.<#............
#..##...........
#.. #...........
#...#...........
##..#...........
#..............
#.##...........
# ##.o@...#...
##o##### .55..
#..h....
#..5)5..#
.[........
#..........
#.........#


You could see an orc priest, Natasha, 3 cerulean imps and an orc.

Vanquished Creatures
  An orc wizard (D:3)
  2 adders (D:2)
  2 dart slugs (D:1)
  6 ball pythons
  7 endoplasms
  2 giant cockroaches
  3 goblins
  6 hobgoblins
  4 jackals (D:1)
  4 kobolds
  4 quokkas
  6 bats (D:2)
  4 frilled lizards
  4 rats
55 creatures vanquished.

Vanquished Creatures (others)
  An orc priest (D:3)
  An orc (D:3)
2 creatures vanquished.

Grand Total: 57 creatures vanquished

Notes
Turn   | Place    | Note
-------+----------+-------------------------------------------
     0 | D:1      | Graphine the Hill Orc Monk began the quest for the Orb.
     0 | D:1      | Reached XP level 1. HP: 19/19 MP: 1/1
   149 | D:1      | Reached XP level 2. HP: 27/27 MP: 2/2
   492 | D:1      | Reached skill level 1 in Shields
   492 | D:1      | Reached XP level 3. HP: 28/33 MP: 3/3
   495 | D:1      | Reached skill level 1 in Armour
  1001 | D:2      | Reached skill level 5 in Axes
  1075 | D:2      | Reached XP level 4. HP: 35/40 MP: 4/4
  1484 | D:3      | Noticed Natasha
  1485 | D:3      | Became a worshipper of Beogh the Brigand
  1485 | D:3      | Reached * piety under Beogh
  1485 | D:3      | Reached ** piety under Beogh
  1505 | D:3      | HP: 1/40 [orc/+0 war axe (5)]
  1505 | D:3      | Slain by an orc priest

Illustrated notes

Levels and vault maps discovered:
D:1:      dpeg_arrival_tiny_g, layout_basic, nrook_loot_triangle,
          serial_park_tiny_1, skrybe_limestone_x, kennysheep_minor_cross,
          reono_crystal_passage, minmay_three_crescents
D:2:      layout_rooms, grunt_ministairs_8
D:3:      layout_rooms, lemuel_crystal_altar, nicolae_figureground_pulse,
          uniq_terence, uniq_natasha

Skill      XL: |  1  2  3 |
---------------+----------+-----
Fighting       | 4 |  4.3
Shields        | 1 |  1.6
Armour         | 1 |  1.7
Axes           | 5 |  5.4
Dodging        | |  2.4

Action                     |  1- 3 |  4- 6 || total
---------------------------+-------+-------++-------
  Melee: Hand axe          |   103 |    40 ||   143
 Invoke: Convert to Beogh  |       |     1 ||     1
    Use: Scroll            |     7 |     2 ||     9
         Potion            |       |     2 ||     2
 Armour: Scale mail        |    41 |       ||    41
         Robe              |     1 |       ||     1
         Chain mail        |    15 |    36 ||    51
  Dodge: Dodged            |    57 |    24 ||    81
